 Dungeon Crawl Stone Soup version 0.17-a0-1230-g8afc29e (webtiles) character file.

448 MonkeyBuisness the Chopper (level 6, -6/57 HPs)
             Began as a Minotaur Berserker on June 5, 2015.
             Was a Priest of Trog.
             Mangled by an ogre
             ... wielding a +0 giant spiked club
              (13 damage)
             ... on level 4 of the Dungeon.
             The game lasted 00:10:58 (3302 turns).

MonkeyBuisness the Chopper (Minotaur Berserker)     Turns: 3302, Time: 00:10:58

Health: -6/57      AC:  2    Str: 24    XL:     6   Next: 73%
Magic:  5/5        EV: 12    Int:  4    God:    Trog [***...]
Gold:   92         SH:  0    Dex:  9    Spells: 0 memorised, 5 levels left

rFire  . . .     SeeInvis .     a - +1 hand axe
rCold  . . .     Clarity  .     b - +0 animal skin
rNeg   . . .     SustAt   .     (no shield)
rPois  .         Gourm    .     (helmet restricted)
rElec  .         Spirit   .     (no cloak)
rCorr  .         Warding  .     (no gloves)
rMut   .         Stasis   .     (no boots)
MR     .....                    (no amulet)
Stlth  +.........               (no ring)
                                (no ring)

@: not resistant to hostile enchantments, very unstealthy
A: retaliatory headbutt, horns 2
a: Burn Spellbooks, Berserk, Trog's Hand, Renounce Religion


You were on level 4 of the Dungeon.
You worshipped Trog.
Trog was most pleased with you.
You were very full.

You visited 1 branch of the dungeon, and saw 4 of its levels.

You collected 92 gold pieces.

Inventory:

Hand weapons
 a - a +1 hand axe (weapon)
Armour
 b - a +0 animal skin (worn)
Jewellery
 k - a +5 ring of strength {unknown}
   (You found it on level 2 of the Dungeon)
 q - an uncursed amulet of clarity {unknown}
   (You found it on level 2 of the Dungeon)
 v - an uncursed ring of sustain attributes {unknown}
   (You found it on level 4 of the Dungeon)
Scrolls
 d - 2 scrolls of recharging {unknown}
 g - 2 scrolls of identify
 i - a scroll of noise {unknown}
 m - a scroll of remove curse {unknown}
 o - a scroll of teleportation {unknown}
 p - 2 scrolls of enchant armour {unknown}
Potions
 j - a potion of mutation {!q}
 l - a potion of might
 n - 2 potions of flight
 r - a potion of ambrosia {!q}
 s - a potion of lignification {!q}
 t - 2 potions of cancellation
Comestibles
 c - a bread ration {@e1}
 u - a beef jerky


   Skills:
 + Level 5.9 Fighting
 + Level 6.1 Axes
 + Level 5.4 Armour
 - Level 2.1 Dodging


You had 5 spell levels left.
You didn't know any spells.

Dungeon Overview and Level Annotations

Branches:
Dungeon (4/15)
 Temple: D:4-7

Altars:
Ashenzari
Dithmenos
Fedhas
Kikubaaqudgha
Nemelex Xobeh
Qazlal
Ru


Innate Abilities, Weirdness & Mutations

You reflexively headbutt those who attack you in melee.
You have a pair of horns on your head.


Message History

You closely miss the jackal. You hit the giant frog.
The giant frog barely misses you. You furiously retaliate!
You headbutt the giant frog!
You feel the power of Trog in you as your rage grows.
You kill the giant frog!
Trog accepts your kill.
Your Armour skill increases to level 5!
The jackal bites you.
* * * LOW HITPOINT WARNING * * *
A rat comes into view.
You slice the ice beast!! You barely miss the jackal.
You closely miss the jackal. The jackal bites you.
* * * LOW HITPOINT WARNING * * *
The ice beast hits you.
* * * LOW HITPOINT WARNING * * *
The ice beast freezes you!
* * * LOW HITPOINT WARNING * * *
You take 13 damage, and have 9/85 hp.
You barely miss the ice beast. Your headbutt misses the ice beast.
You barely miss the jackal. You hit the jackal.
You kill the jackal!
Trog accepts your kill.
You hit the jackal. The jackal misses you. The jackal closely misses you.
You furiously retaliate!
You headbutt the jackal!
You kill the jackal!
Trog accepts your kill. The jackal bites you.
* * * LOW HITPOINT WARNING * * *
You take 1 damage, and have 8/85 hp.
You slash the ice beast!
You kill the ice beast!
Trog accepts your kill.
Your Axes skill increases to level 6!
You barely miss the jackal. You hit the jackal.
You kill the jackal!
Trog accepts your kill. The jackal bites you.
* * * LOW HITPOINT WARNING * * *
You take 1 damage, and have 7/85 hp.
You slash the jackal!
You kill the jackal!
Trog accepts your kill.
The rat twitches its whiskers.
You feel a strong urge to attack something.
You closely miss the rat. You headbutt the rat.
You kill the rat!
Trog accepts your kill.
You start resting.
You feel a strong urge to attack something.
You start resting.
You are no longer berserk.
You are exhausted.
You feel yourself slow down.
You are near starving!
You now have 6/57 hp.
You start resting.
You feel yourself speed up.
You regained 8 hp, and now have 14/57 hp.
Eat which item? (? for menu, Esc to quit)
You continue eating. x2
You finish eating.
That bread ration really hit the spot!
Eat which item? (? for menu, Esc to quit)
You continue eating. x2
You finish eating.
That meat ration really hit the spot!
Eat which item? (? for menu, Esc to quit)
You don't have any such object.
Eat which item? (? for menu, Esc to quit)
You don't have any such object.
Eat which item? (? for menu, Esc to quit)
Eat which item? (? for menu, Esc to quit)
Eat which item? (? for menu, Esc to quit)
Okay, then.
What do you say? t - Shout!
Orders for allies: a - Attack new target. r - Retreat! s - Stop attacking. w - Wait here. f - Follow me.
Anything else - Stay silent.
Okay, then.
You start resting.
You feel less exhausted.
Unknown command.
Unknown command.
You start resting.
An ogre comes into view. It is wielding a giant spiked club.
You regained 4 hp, and now have 20/57 hp.
You are too injured to fight recklessly!
You are too injured to fight recklessly!
You are too injured to fight recklessly!
Unknown command.
You see here a giant frog corpse.
The ogre barely misses you.
You hit the ogre.
The ogre hits you with a giant spiked club!!
* * * LOW HITPOINT WARNING * * *
You take 20 damage, and have 1/57 hp.
MASSIVE DAMAGE!!
The ogre barely misses you.
You see here an adder skeleton.
The ogre hits you with a giant spiked club!
You die...

######### ####
##...#...##################...
##.........#..@O.............##
#............#################
#...........## #...........##
##...........###### #
##...#...##......# ##
###############.# ##. #.## ##..
#..## ##..#


You could see an ogre.

Vanquished Creatures
  An ice beast (D:4)
  A giant frog (D:4)
  A scorpion (D:4)
  2 orc priests
  A hound (D:3)
  A worker ant (D:4)
  3 adders
  An ooze (D:1)
  6 worms
  A giant gecko (D:1)
  7 orcs (D:3)
  8 bats
  5 giant cockroaches
  12 hobgoblins
  7 jackals
  2 quokkas
  3 giant newts
  6 goblins
  8 kobolds
  12 rats
88 creatures vanquished.

Notes
Turn   | Place    | Note
--------------------------------------------------------------
     0 | D:1      | MonkeyBuisness the Minotaur Berserker began the quest for the Orb.
     0 | D:1      | Reached XP level 1. HP: 19/19 MP: 0/0
    70 | D:1      | Reached XP level 2. HP: 20/27 MP: 1/1
   103 | D:1      | Reached skill level 4 in Fighting
   321 | D:1      | Reached skill level 4 in Axes
   493 | D:1      | Reached skill level 3 in Armour
   811 | D:2      | Reached XP level 3. HP: 31/33 MP: 2/2
   813 | D:2      | Acquired Trog's second power
   898 | D:2      | Found a shadowy altar of Dithmenos.
  1038 | D:2      | Found a sparkling altar of Nemelex Xobeh.
  1178 | D:2      | Found a sacrificial altar of Ru.
  1504 | D:3      | Found an ancient bone altar of Kikubaaqudgha.
  1505 | D:3      | Found a blossoming altar of Fedhas.
  1511 | D:3      | Reached XP level 4. HP: 41/41 MP: 3/3
  1730 | D:3      | Found a stormy altar of Qazlal.
  2179 | D:3      | Reached skill level 5 in Axes
  2326 | D:3      | Reached skill level 4 in Armour
  2326 | D:3      | Reached XP level 5. HP: 29/47 MP: 4/4
  2424 | D:4      | Found a shattered altar of Ashenzari.
  2428 | D:4      | Reached skill level 5 in Fighting
  2784 | D:4      | HP: 3/48 [worm (11)]
  2790 | D:4      | HP: 11/48 [worm (2)]
  2795 | D:4      | HP: 5/48 [worm (6)]
  2970 | D:4      | Reached XP level 6. HP: 26/56 MP: 5/5
  3186 | D:4      | Noticed an ice beast
  3190 | D:4      | Noticed a giant frog
  3195 | D:4      | Killed a giant frog
  3195 | D:4      | Reached skill level 5 in Armour
  3196 | D:4      | HP: 20/85 [jackal (2)]
  3196 | D:4      | HP: 9/85 [ice beast (9)]
  3198 | D:4      | Killed an ice beast
  3198 | D:4      | Reached skill level 6 in Axes
  3269 | D:4      | HP: 1/57 [ogre/giant spiked club (20)]
  3302 | D:4      | Mangled by an ogre

Vault maps used:
D:1:      minmay_arrival_up_and_down, minmay_misc_feat_hallway
D:2:      old_standard_altar, nicolae_ru_awakened_eye,
          nicolae_overflow_crystal_walls
D:3:      nicolae_overflow_hidden_temple,
          grunt_temple_overflow_growth_and_decay, kennysheep_nondescript,
          nrook_mini_vaults
D:4:      ashenzari_altar_1, cheibriados_altar_1, first_bread

Action                   |  1- 3 |  4- 6 || total
-------------------------+-------+-------++-------
Melee: Hand axe          |    93 |    93 ||   186
Invok: Berserk           |       |     1 ||     1
  Use: Scroll            |     3 |     6 ||     9
       Potion            |     2 |     2 ||     4
 Stab: Sleeping          |     1 |       ||     1
  Eat: Bread ration      |     1 |     1 ||     2
       Royal jelly       |     1 |       ||     1
       Meat ration       |       |     1 ||     1

Vault maps used:
D:1:      minmay_arrival_up_and_down, minmay_misc_feat_hallway
D:2:      old_standard_altar, nicolae_ru_awakened_eye,
          nicolae_overflow_crystal_walls
D:3:      nicolae_overflow_hidden_temple,
          grunt_temple_overflow_growth_and_decay, kennysheep_nondescript,
          nrook_mini_vaults
D:4:      ashenzari_altar_1, cheibriados_altar_1, first_bread

Table legend:
 A = Turns spent in this place as a percentage of turns spent in the entire game.
 B = Non-inter-level travel turns spent in this place as a percentage of non-inter-level travel turns spent in the entire game.
 C = Inter-level travel turns spent in this place as a percentage of turns spent in this place.
 D = Turns resting spent in this place as a percentage of non-inter-level travel turns spent in this place.
 E = Turns spent auto-exploring this place as a percentage of non-inter-level travel turns spent in this place.
 F = Non-inter-level travel turns spent in this place divided by the number of levels of this place that you've seen.
                   A       B       C       D       E      F
               +-------+-------+-------+-------+-------+----------------------
         Total | 100.0 | 100.0 |   1.4 |   3.6 |  11.8 | 198.8
       Dungeon | 100.0 | 100.0 |   1.4 |   3.6 |  11.8 | 198.8
               +-------+-------+-------+-------+-------+----------------------

Table legend:
 A = Kills in this place as a percentage of kills in entire the game.
 B = Kills by you in this place as a percentage of kills by you in the entire game.
 C = Kills by friends in this place as a percentage of kills by friends in the entire game.
 D = Other kills in this place as a percentage of other kills in the entire game.
 E = Experience gained in this place as a percentage of experience gained in the entire game.
 F = Experience gained in this place divided by the number of levels of this place that you have seen.
                   A       B       C       D       E      F
               +-------+-------+-------+-------+-------+----------------------
         Total | 100.0 | 100.0 |  -nan |  -nan | 100.0 | 160.2
       Dungeon | 100.0 | 100.0 |  -nan |  -nan | 100.0 | 160.2
               +-------+-------+-------+-------+-------+----------------------
